 Dungeon Crawl Stone Soup version 0.31.0-11-ge490571c62 (webtiles) character file.

Game seed: 13629196608047952927

50 PaiMei the Grave Robber (level 3, -1/26 HPs)
             Began as a Demonspawn Necromancer on Jan 31, 2024.
             Killed from afar by an orc wizard (5 damage)
             ... with a puff of flame
             ... on level 6 of the Dungeon.
             The game lasted 00:03:11 (2215 turns).

PaiMei the Grave Robber (Demonspawn Necromancer)    Turns: 2215, Time: 00:03:11

Health: -1/26      AC:  5    Str:  8    XL:     3   Next: 55%
Magic:  2/6        EV: 12    Int: 17    God:
Gold:   171        SH:  0    Dex: 13    Spells: 6/7 levels left

rFire   . . .        p - +1 dagger (flame)
rCold   . . .        (no shield)
rNeg    . . .        a - +0 robe
rPois   .            o - +0 helmet
rElec   .            (no cloak)
rCorr   .            (no gloves)
SInv    .            (no boots)
Will    .....        (no amulet)
Stlth   ++           (no ring)
HPRegen 0.24/turn    (no ring)
MPRegen 0.10/turn

%: no passive effects
@: no status effects
A: hooves 1, yellow scales 1
a: no special abilities


You were on level 6 of the Dungeon.
You visited 1 branch of the dungeon, and saw 4 of its levels.

You collected 171 gold pieces.

Inventory:

Hand Weapons
 c - a +0 short sword
 p - a +1 dagger of flaming (weapon)
Armour
 a - a +0 robe (worn)
 o - a +0 helmet (worn)
Jewellery
 i - a ring of protection from cold
Scrolls
 d - a scroll of vulnerability {unknown}
 g - 2 scrolls of amnesia {unknown}
 h - a scroll of silence {unknown}
 j - a scroll of enchant armour {unknown}
 k - 2 scrolls of teleportation {unknown}
 l - a scroll of blinking {unknown}
 m - 2 scrolls of poison {unknown}
Potions
 b - a potion of magic
 e - a potion of invisibility {unknown}
 f - a potion of mutation {unknown}
 n - 2 potions of curing {unknown}
 q - a potion of brilliance {unknown}


   Skills:
 + Level 1.1 Fighting
 + Level 2.3 Dodging
 - Level 2.0 Stealth
 + Level 2.5 Spellcasting
 + Level 4.7 Necromancy


You had 6 spell levels left.
You knew the following spells:

 Your Spells              Type           Power      Damage    Failure   Level
a - Necrotise             Necr           72%        1d7       2%          1

Your spell library contained the following spells:

 Spells                   Type           Power      Damage    Failure   Level
 Vampiric Draining        Necr           18%        2d7       8%          3
 Animate Dead             Necr           18%        N/A       26%         4
 Curse of Agony           Necr           18%        N/A       58%         5


Dungeon Overview and Level Annotations

Branches:
Dungeon (6/15)
 Temple: D:4-7

Altars:

Shops:
D:1 !


Innate Abilities, Weirdness & Mutations

You have large cloven feet.
You are partially covered in yellow scales. (AC +2)


Message History

Confirm with . or Enter, or press ? or * to list all spells.
You don't know that spell.
Casting: Necrotise (safe; 2% risk of failure)
Confirm with . or Enter, or press ? or * to list all spells.
Aiming: Necrotise (safe; 2% risk of failure)
Press: ? - help, Shift-Dir - straight line, f/p - orc priest
Aim: an orc priest, wielding a +0 flail and wearing a +0 leather armour (heavily wounded, chance to affect: 76%)
The orc priest writhes in agony.
You barely miss the orc wizard. Your kick misses the orc wizard.
The orc priest casts a cantrip, but nothing happens.
You completely miss the orc wizard. The orc wizard barely misses you.
You hit the orc wizard. You burn the orc wizard. You kick the orc wizard.
The orc wizard is heavily wounded.
The orc wizard hits you with a +3 dagger.
You closely miss the orc wizard.
The orc wizard is heavily wounded.
The orc priest invokes the aid of Beogh against you.
Beogh smites you!
Ouch! That really hurt!
* * * LOW HITPOINT WARNING * * *
The orc wizard misses you.
Casting: Necrotise (safe; 2% risk of failure)
Confirm with . or Enter, or press ? or * to list all spells.
Aiming: Necrotise (safe; 2% risk of failure)
Press: ? - help, Shift-Dir - straight line, f/p - orc priest
Aim: an orc priest, wielding a +0 flail and wearing a +0 leather armour (severely wounded, chance to affect: 76%)
The orc wizard writhes in agony.
The orc wizard misses you.
Casting: Necrotise (safe; 2% risk of failure)
Confirm with . or Enter, or press ? or * to list all spells.
Aiming: Necrotise (safe; 2% risk of failure)
Press: ? - help, Shift-Dir - straight line, f/p - orc priest
Aim: an orc priest, wielding a +0 flail and wearing a +0 leather armour (severely wounded, chance to affect: 76%)
The orc wizard writhes in agony.
You kill the orc wizard!
The dead are walking!
The orc priest invokes the aid of Beogh against you.
You barely resist.
The orc wizard points at you and mumbles some strange words.
The puff of flame hits you.
You die...

#...###.#.........
##...##.###........
#....#..##..#......
#####.......#...#...$..
#........#...#.........
#.##########.##....#...
#........# #....###....
#####@# . #)#


#oo #Z.. .#... # .... ..... ...... You could see an orc priest, an orc wizard
(ally target) and a friendly orc wizard skeleton.

Vanquished Creatures
  An orc wizard (D:6)
  3 dart slugs
  A ribbon worm (D:2)
  An orc (D:3)
  2 ball pythons (D:1)
  9 endoplasms
  2 giant cockroaches
  A hobgoblin (D:1)
  A jackal (D:1)
  2 quokkas
  3 bats
  2 frilled lizards
  2 goblins
  2 kobolds
  4 rats
36 creatures vanquished.

Vanquished Creatures (collateral kills)
  A jackal (D:1)
  A ball python (D:1)
2 creatures vanquished.

Grand Total: 38 creatures vanquished

Notes
Turn   | Place    | Note
-------+----------+-------------------------------------------
     0 | D:1      | PaiMei the Demonspawn Necromancer began the quest for the
                  | Orb.
     0 | D:1      | Reached XP level 1. HP: 13/13 MP: 3/3
   177 | D:1      | Gained mutation: You are partially covered in yellow
                  | scales. (AC +2) [demonic ancestry]
   177 | D:1      | Reached XP level 2. HP: 19/19 MP: 3/5
   329 | D:1      | Found Liag's Distillery.
   917 | D:1      | Gained mutation: You have large cloven feet. [demonic
                  | ancestry]
   917 | D:1      | Reached XP level 3. HP: 25/25 MP: 0/6
  1349 | D:2      | Reached skill level 1 in Fighting
  2172 | D:3      | You fall into a shaft and drop 3 floors!
  2215 | D:6      | Killed from afar by an orc wizard

Illustrated notes

Levels and vault maps discovered:
D:1:      psy_arrival_basics, layout_loops_ring, serial_shops,
          nicolae_shop_statue_plus, minivault_14, chequers_serial_rivers_small_b
D:2:      layout_basic
D:3:      kennysheep_big_flooded_room, layout_basic,
          mainiacjoe_overflow_alcove_1, minmay_misc_feat_roman,
          dreamdust_wishing_well
D:6:      layout_layer_cave, trog_wizard, uniq_sigmund, uniq_menkaure,
          uniq_grinder

Skill      XL: |  1  2  3 |
---------------+----------+-----
Stealth        | 2 |  2.0
Dodging        | 2 |  2.3
Fighting       | 1 |  1.1
Spellcasting   | |  2.5
Necromancy     | |  4.7

Action                     || total
---------------------------++-------
  Melee: Short sword       ||    13
         Dagger            ||     8
         Kick              ||     6
   Cast: Necrotise         ||    76
 Armour: Robe              ||    17
  Dodge: Dodged            ||    33
